 Dungeon Crawl Stone Soup version 0.29.1-1-gd02db6906a (webtiles) character file.

Game seed: 5456409838086151389

46 vvl the Stinger (level 3, -1/37 HPs)
             Began as a Demonspawn Venom Mage on Oct 3, 2022.
             Slain by a gnoll
             ... wielding a +0 flail
              (5 damage)
             ... on level 3 of the Dungeon.
             The game lasted 00:04:09 (2145 turns).

vvl the Stinger (Demonspawn Venom Mage)             Turns: 2145, Time: 00:04:10

Health: -1/37      AC: 21    Str:  8    XL:     3   Next: 44%
Magic:  6/6        EV:  2    Int: 24    God:
Gold:   36         SH:  0    Dex: 13    Spells: 5/6 levels left

rFire   . . .      SeeInvis .   e - +0 short sword
rCold   . . .      Faith    .   (no shield)
rNeg    . . .      Spirit   .   (body armour currently unavailable)
rPois   +          Reflect  .   (helmet currently unavailable)
rElec   .          Harm     .   (cloak currently unavailable)
rCorr   .          Rampage  .   (gloves currently unavailable)
Will    .....      NoTele   +   (boots currently unavailable)
Stlth   ++........              (no amulet)
HPRegen 0.12/turn               f - +6 ring of intelligence
MPRegen 0.10/turn               (no ring)

@: tree-form
A: stationary, stasis, torment immunity, boosted hp, (sharp scales 1), (demonic
touch 1)
a: no special abilities


You were on level 3 of the Dungeon.
You were a tree.
You visited 1 branch of the dungeon, and saw 3 of its levels.

You collected 36 gold pieces.

Inventory:

Hand Weapons
 e - a +0 short sword (weapon)
Armour
 a - a +0 robe (melded)
 i - a +0 pair of gloves (melded)
Jewellery
 f - a +6 ring of intelligence (left branch)
Scrolls
 c - a scroll of brand weapon {unknown}
 g - a scroll of noise {unknown}
 j - a scroll of fear {unknown}
 k - a scroll of enchant armour {unknown}
Potions
 b - a potion of magic
 d - a potion of degeneration {unknown}


   Skills:
 + Level 0.8 Fighting
 + Level 0.6 Armour
 - Level 2.0 Dodging
 - Level 2.0 Stealth
 + Level 2.2 Spellcasting
 + Level 1.3 Transmutations
 * Level 3.6 Poison Magic


You had 5 spell levels left.
You knew the following spells:

 Your Spells              Type           Power      Damage    Failure   Level
a - Sting                 Tmut/Pois      56%        1d5       4%          1

Your spell library contained the following spells:

 Spells                   Type           Power      Damage    Failure   Level
 Poisonous Vapours        Pois/Air       22%        N/A       9%          2
 Mephitic Cloud           Conj/Pois/Air  8%         N/A       22%         3
 Olgreb's Toxic Radiance  Pois           19%        N/A       26%         4


Dungeon Overview and Level Annotations

Branches:
Dungeon (3/15)

Altars:
Okawaru


Innate Abilities, Weirdness & Mutations

You are a tree.
Your roots penetrate the ground, keeping you stationary.
You cannot be teleported.
You are immune to unholy pain and torment.
Your maximum health is greatly increased.
Your equipment is partially melded.
((You are partially covered in razor-sharp scales. (AC +1, Slay +1)))
((Your touch may inflict minor irresistible damage on your foes.))


Message History

The ball python bites you but does no damage.
The ball python closely misses you. The gnoll attacks as you move away!
The gnoll misses you. The gnoll attacks as you move away! The gnoll misses you.
The gnoll looks more healthy.
The gnoll attacks as you move away! The gnoll barely misses you.
There is a stone staircase leading down here.
The gnoll closely misses you.
You climb downwards.
The orc shouts! x3
Found a bubbling white potion and a book of Winter.
There is a stone staircase leading up here.
The orc attacks as you move away! The orc hits you with a +0 short sword.
The gnoll barely misses you. The gnoll attacks as you move away!
The gnoll barely misses you.
You see here a bubbling white potion.
It was a potion of lignification.
You turn into a tree.
Your +0 pair of gloves melds into your body.
Your +0 robe melds into your body.
Your roots penetrate the ground.
The gnoll hits you but does no damage.
You barely miss the gnoll. The gnoll completely misses you.
You hit the gnoll.
The gnoll is lightly wounded.
The gnoll hits you but does no damage. The gnoll hits you with a +0 flail.
You hit the gnoll but do no damage.
The gnoll is lightly wounded.
The gnoll hits you with a +0 flail.
* * * LOW HITPOINT WARNING * * *
You closely miss the gnoll.
The gnoll is lightly wounded.
The gnoll hits you with a +0 flail.
* * * LOW HITPOINT WARNING * * *
You hit the gnoll but do no damage.
The gnoll is lightly wounded.
The gnoll hits you with a +0 flail.
* * * LOW HITPOINT WARNING * * *
You hit the gnoll.
The gnoll is heavily wounded.
The gnoll hits you with a +0 flail.
You die...

## o. .## .o#
#.# #.#
###.########<#
.......♣goooo#
#####:########
#


You could see a gnoll and 4 orcs.

Vanquished Creatures
  A worm (D:2)
  2 dart slugs
  3 ball pythons
  4 endoplasms
  2 giant cockroaches
  4 goblins (D:1)
  5 hobgoblins
  3 kobolds (D:1)
  2 quokkas (D:1)
  5 bats (D:1)
  4 rats
35 creatures vanquished.

Notes
Turn   | Place    | Note
-------+----------+-------------------------------------------
     0 | D:1      | vvl the Demonspawn Venom Mage began the quest for the Orb.
     0 | D:1      | Reached XP level 1. HP: 13/13 MP: 3/3
   292 | D:1      | Reached skill level 1 in Transmutations
   331 | D:1      | Gained mutation: Your touch may inflict minor irresistible
                  | damage on your foes. [demonic ancestry]
   331 | D:1      | Reached XP level 2. HP: 7/19 MP: 0/5
  1341 | D:1      | Gained mutation: You are partially covered in razor-sharp
                  | scales. (AC +1, Slay +1) [demonic ancestry]
  1341 | D:1      | Reached XP level 3. HP: 25/25 MP: 6/6
  1849 | D:2      | Found an iron altar of Okawaru.
  2145 | D:3      | Slain by a gnoll

Illustrated notes

Levels and vault maps discovered:
D:1:      eino_arrival_cavern_b, layout_basic
D:2:      wander_river, layout_rooms, basic_altar,
          chequers_ecumenical_altar_island
D:3:      layout_loops_ring, lemuel_zombie_altar_kikubaaqudgha,
          mainiacjoe_overflow_concentric_impassable, uniq_jessica

Skill      XL: |  1  2 |
---------------+-------+-----
Transmutations | 1 |  1.3
Stealth        | 2 |  2.0
Dodging        | 2 |  2.0
Fighting       | |  0.8
Armour         | |  0.6
Spellcasting   | |  2.2
Poison Magic   | |  3.6

Action                   || total
-------------------------++-------
Melee: Unarmed           ||    13
       Short sword       ||    38
       Touch             ||     4
       Punch             ||     1
 Cast: Sting             ||    53
  Use: Potion            ||     1
 Stab: Distracted        ||     1
       Sleeping          ||     1
Armor: Robe              ||    18
       Skin              ||     2
Dodge: Dodged            ||    52
